 Dungeon Crawl Stone Soup version 0.30-a0-358-g0d69a1922f (webtiles) character file.

Game seed: 981967400086730612

4480 Lobster4 the Frost Mage (level 10, -2/77 HPs)
             Began as a Merfolk Ice Elementalist on Nov 8, 2022.
             Was a Follower of the Shining One.
             Killed from afar by an electric eel (8 damage)
             ... with a bolt of electricity
             ... on level 7 of the Dungeon.
             The game lasted 00:39:23 (9158 turns).

Lobster4 the Frost Mage (Merfolk Ice Elementalist)  Turns: 9158, Time: 00:39:23

Health: -2/77      AC:  9    Str: 12    XL:     10   Next: 38%
Magic:  19/19      EV: 14    Int: 15    God:    the Shining One [*.....]
Gold:   273        SH:  0    Dex: 15    Spells: 13/21 levels left

rFire   + . .      SeeInvis +    a - +2 trident (venom)
rCold   . . .      Faith    .    (no shield)
rNeg    + . .      Spirit   .    G - +2 leather armour {rN+}
rPois   .          Reflect  .    (no helmet)
rElec   .          Harm     .    D - +0 cloak
rCorr   .          Rampage  .    q - +1 pair of gloves
Will    ++...                    f - +0 pair of boots
Stlth   +.........               A - amulet of magic regeneration
HPRegen 0.32/turn                J - ring of Pride {rF+ Will++ SInv}
MPRegen 0.56/turn                (no ring)

@: glowing
A: (nimble swimmer 2), mertail
a: Renounce Religion, Divine Shield


You were on level 7 of the Dungeon.
You worshipped the Shining One.
The Shining One was aware of your devotion.
You visited 2 branches of the dungeon, and saw 9 of its levels.
You also visited: Bailey.

You collected 273 gold pieces.

Inventory:

Hand Weapons
 a - a +2 trident of venom (weapon)
 h - a +3 battleaxe
 k - a +0 shortbow
 m - a +1 whip of flaming
 r - a +2 whip of electrocution
Missiles
 j - 16 boomerangs (quivered)
 x - 2 atropa-tipped darts
 H - 3 poisoned darts
Armour
 f - a +0 pair of boots (worn)
 g - a +0 leather armour of poison resistance
 q - a +1 pair of gloves (worn)
 u - a +2 robe of positive energy
 D - a +0 cloak (worn)
 G - a +2 leather armour of positive energy (worn)
Magical Staves
 l - a staff of earth
Jewellery
 A - an amulet of magic regeneration (around neck)
 J - the ring of Pride (left hand) {rF+ Will++ SInv}
   (You found it in a bailey)

   [ring of see invisible]

   rF:        It protects you from fire.
   SInv:      It lets you see invisible.
   Will:      It greatly increases your willpower.
Wands
 c - a wand of roots (8)
Scrolls
 e - a scroll of enchant armour
 i - 4 scrolls of teleportation
 v - a scroll of fog {unknown}
 y - a scroll of acquirement
Potions
 b - 2 potions of magic
 d - 3 potions of curing
 n - 3 potions of haste
 o - a potion of flight
 p - a potion of experience {unknown}
 s - 2 potions of lignification {unknown}
 w - a potion of brilliance
 z - 2 potions of might {unknown}
 B - a potion of degeneration {unknown}
 C - a potion of berserk rage {unknown}
 E - 3 potions of ambrosia {unknown}
 F - 2 potions of mutation {unknown}
 I - a potion of cancellation {unknown}


   Skills:
 + Level 6.6 Fighting
 + Level 6.1 Polearms
 + Level 3.1 Throwing
 - Level 3.0 Armour
 - Level 6.0 Dodging
 - Level 3.0 Stealth
 + Level 6.0 Spellcasting
 + Level 3.0 Summonings
 + Level 8.2 Ice Magic
 - Level 3.0 Invocations
 - Level 3.0 Evocations


You had 13 spell levels left.
You knew the following spells:

 Your Spells              Type           Power      Damage    Failure   Level
a - Freeze                Ice            100%       1d10      1%          1
b - Frozen Ramparts       Ice            58%        1d9       1%          3
c - Ozocubu's Armour      Ice            29%        N/A       1%          3
d - Summon Small Mammal   Summ           52%        N/A       5%          1

Your spell library contained the following spells:

 Spells                   Type           Power      Damage    Failure   Level
 Call Canine Familiar     Summ           13%        N/A       16%         3
 Summon Ice Beast         Ice/Summ       21%        N/A       19%         4
 Summon Guardian Golem    Hex/Summ       9%         N/A       30%         3
 Vhi's Electric Charge    Tloc/Air       8%         N/A       50%         3
 Metabolic Englaciation   Hex/Ice        8%         N/A       67%         5
 Arcjolt                  Conj/Air       2%         1d12      99%         5
 Simulacrum               Ice/Necr       8%         N/A       99%         6
 Maxwell's Capacitive Co  Air            2%         ∞         100%        8


Dungeon Overview and Level Annotations

Branches:
Dungeon (8/15)             Temple (1/1) D:4            Lair (0/5) D:8
 Bailey (visited)

Altars:
Ashenzari
Cheibriados
Elyvilon
Fedhas
Gozag
Hepliaklqana
Kikubaaqudgha
Makhleb
Nemelex Xobeh
Okawaru
Qazlal
Ru
Sif Muna
Uskayaw
Vehumet
Wu Jian
Xom
Yredelemnul
Zin
The Shining One

Annotations:
D:5 1 runed translucent door, exclusion: ice beast, Crazy Yiuf
Temple 2 transporters


Innate Abilities, Weirdness & Mutations

((You are very nimble when in or above water. (Stealth+, EV+, Speed+++)))
Your lower body shifts to a powerful aquatic tail in water.


Message History

Your +0 pair of boots unmelds from your body.
Found a stone staircase leading up.
There is a stone staircase leading up here.
Your legs become a tail as you enter the water.
Your +0 pair of boots melds into your body.
An electric eel is nearby!
Your +0 pair of boots unmelds from your body.
Your legs become a tail as you enter the water.
Your +0 pair of boots melds into your body.
The electric eel shoots out a bolt of lightning at you!
The bolt of electricity hits the plant!
The plant begins to die.
The bolt of electricity misses you.
Your +0 pair of boots unmelds from your body.
Your legs become a tail as you enter the water.
Your +0 pair of boots melds into your body.
Your +0 pair of boots unmelds from your body.
The electric eel shoots out a bolt of lightning at you!
The bolt of electricity hits the plant!
The bolt of electricity hits you!
The electric eel shoots out a bolt of lightning at you!
The bolt of electricity hits the plant!
The bolt of electricity hits you!
A nearby plant withers and dies.
The electric eel shoots out a bolt of lightning at you!
The bolt of electricity hits you! x2
You reach to attack!
You closely miss the electric eel.
The electric eel shoots out a bolt of lightning at you!
The bolt of electricity hits you! x2
* * * LOW HITPOINT WARNING * * *
You are too injured to fight recklessly!
You are too injured to fight recklessly!
The electric eel shoots out a bolt of lightning at you!
The bolt of electricity hits you!
* * * LOW HITPOINT WARNING * * *
Okay, then.
The electric eel shoots out a bolt of lightning at you!
The bolt of electricity hits you!
* * * LOW HITPOINT WARNING * * *
There is a stone staircase leading up here.
The electric eel shoots out a bolt of lightning at you!
The bolt of electricity hits you!
You die...

#~P~P~~P~P~ #~~~~~~P~PP
#~~~~P~~~~~ #~~~~..~~~P
###S.~(..P~~~ ####............
#...............
############.##...##.....#. ####
##.....##..@<.#######.#####.
...###..............## #.# #.
~~...................# #.# #.
♣♣~##................#####.# ##.
~~~♣#......................# #..
~~~♣#..................[...# ##..
~~~~~......................###..#
~♣♣~~♣........P..♣.....##[#.....#
~~~~♣♣.......~.P..P.#.......###.#


You could see an electric eel.

Vanquished Creatures
  An orc warlord (Bailey)
  Pikel (D:6)
  Prince Ribbit (D:5)
  3 wyverns
  A basilisk (D:8)
  Eustachio (D:5)
  Menkaure (D:6)
  2 water moccasins (D:7)
  4 orc warriors
  A sky beast (D:7)
  An ice beast (D:7)
  An ogre (D:4)
  A phantom (D:5)
  A centaur (D:7)
  A lemure (D:6)
  2 bullfrogs (D:7)
  A scorpion (D:4)
  Blork the orc (D:5)
  2 necrophages
  2 howler monkeys
  4 electric eels (D:7)
  4 orc priests
  3 hounds
  A gnoll bouda (D:3)
  A jelly (D:5)
  An iguana (D:6)
  3 orc wizards (D:6)
  9 gnolls
  8 adders
  2 white imps
  2 ufetubi
  2 worms
  A dart slug (D:4)
  27 orcs
  6 endoplasms
  2 giant cockroaches
  3 goblins
  3 hobgoblins
  3 jackals (D:3)
  2 quokkas
  2 ball pythons
  6 bats
  13 kobolds
  4 rats
  A spectral orc (D:4)
142 creatures vanquished.

Vanquished Creatures (others)
  33 plants (D:7)
33 creatures vanquished.

Grand Total: 175 creatures vanquished

Notes
Turn   | Place    | Note
-------+----------+-------------------------------------------
     0 | D:1      | Lobster4 the Merfolk Ice Elementalist began the quest for
                  | the Orb.
     0 | D:1      | Reached XP level 1. HP: 13/13 MP: 3/3
   456 | D:1      | Reached XP level 2. HP: 13/19 MP: 3/5
   978 | D:2      | Reached skill level 1 in Polearms
  1145 | D:2      | Reached XP level 3. HP: 18/25 MP: 3/6
  1277 | D:2      | Found a faded altar of an unknown god.
  1349 | D:2      | Reached skill level 1 in Fighting
  1349 | D:2      | Reached XP level 4. HP: 29/32 MP: 3/7
  1853 | D:3      | Found a radiant altar of Vehumet.
  1988 | D:3      | Found a burning altar of Makhleb.
  2032 | D:3      | Learned a level 3 spell: Frozen Ramparts
  2096 | D:3      | Identified the +0 robe "Raukunn" {Str+4 Dex+4 Slay-3}
  2319 | D:4      | Learned a level 3 spell: Ozocubu's Armour
  2321 | D:4      | Found a staircase to the Ecumenical Temple.
  2321 | D:4      | Noticed a scorpion
  2428 | D:4      | Reached skill level 1 in Armour
  2463 | D:4      | Noticed an ogre
  2645 | D:4      | Killed an ogre
  2646 | D:4      | Reached skill level 5 in Ice Magic
  2646 | D:4      | Reached XP level 5. HP: 38/38 MP: 6/9
  2709 | D:4      | Found a hazy altar of Hepliaklqana.
  2992 | D:3      | Reached XP level 6. HP: 11/44 MP: 4/10
  4361 | D:4      | Reached XP level 7. HP: 49/52 MP: 6/12
  4405 | Temple   | Entered the Ecumenical Temple
  4405 | Temple   | Found a transporter.
  4405 | Temple   | Found a transporter.
  4407 | Temple   | Found a transporter.
  4407 | Temple   | Found a transporter.
  4424 | Temple   | Became a worshipper of the Shining One
  4473 | D:5      | Entered Level 5 of the Dungeon
  4632 | D:5      | Found a runed translucent door.
  4633 | D:5      | Noticed Crazy Yiuf
  5106 | D:5      | Noticed Blork the orc
  5122 | D:5      | Noticed Prince Ribbit
  5133 | D:5      | Killed Prince Ribbit
  5134 | D:5      | Reached skill level 6 in Ice Magic
  5455 | D:5      | Noticed Eustachio
  5463 | D:5      | Killed Eustachio
  5464 | D:5      | Reached XP level 8. HP: 59/61 MP: 8/14
  5482 | D:5      | Learned a level 1 spell: Summon Small Mammal
  5919 | D:6      | Reached * piety under the Shining One
  6045 | D:6      | Reached skill level 1 in Summonings
  6055 | D:6      | Reached skill level 1 in Invocations
  6062 | D:6      | Reached skill level 1 in Evocations
  6097 | D:5      | Killed Blork the orc
  6098 | D:5      | Reached skill level 1 in Throwing
  6695 | D:6      | Noticed a wyvern
  6701 | D:6      | Killed a wyvern
  6838 | D:6      | Noticed Pikel
  6851 | D:6      | Killed Pikel
  6852 | D:6      | Reached skill level 5 in Fighting
  6852 | D:6      | Reached skill level 5 in Spellcasting
  6852 | D:6      | Reached skill level 7 in Ice Magic
  6852 | D:6      | Reached XP level 9. HP: 66/68 MP: 12/16
  6919 | D:6      | Noticed Menkaure
  6924 | D:6      | Killed Menkaure
  7128 | D:6      | You fall into a shaft and drop 2 floors!
  7694 | D:7      | Found a flagged portal.
  7709 | D:7      | Reached skill level 5 in Polearms
  7840 | Bailey   | Entered a bailey
  7896 | Bailey   | Noticed an orc warlord
  8004 | Bailey   | Reached skill level 5 in Dodging
  8004 | Bailey   | Reached XP level 10. HP: 76/76 MP: 12/18
  8060 | Bailey   | Found a runed translucent gate.
  8062 | Bailey   | Found a runed translucent gate.
  8064 | Bailey   | Found a runed translucent gate.
  8256 | Bailey   | Killed an orc warlord
  8257 | Bailey   | Reached skill level 8 in Ice Magic
  8375 | Bailey   | Identified the ring of Pride {rF+ Will++ SInv}
  9158 | D:7      | Killed from afar by an electric eel

Illustrated notes

Levels and vault maps discovered:
D:1:      minmay_arrival_checkered_box, layout_loops_corners,
          minmay_misc_feat_cross, serial_bayou_pond_a, minmay_misc_feat_encased
D:2:      layout_loops_cross, ebering_ecumenical_altar_box
D:3:      layout_rooms, bloody_makhleb, overflow_temple_1_default,
          nrook_campfire
D:4:      layout_loops_ring, nicolae_hepliaklqana_monster_ancestors,
          minmay_temple_entry_slanted
D:5:      layout_loops_ring, kennysheep_windowed_goal, uniq_blork_the_orc,
          uniq_eustachio, uniq_prince_ribbit1, uniq_crazy_yiuf_cottage
D:6:      layout_loops_ring, uniq_pikel, uniq_menkaure
D:7:      layout_rooms, enter_bailey_8, serial_bayou, serial_bayou_pond_a,
          serial_bayou_shore_a, serial_bayou_pond_d, serial_bayou_pond_b,
          serial_bayou_pond_b, serial_bayou_lake_a
D:8:      layout_rooms, david_lair_generic, serial_bayou, serial_bayou_pond_c,
          serial_bayou_pond_a, serial_bayou_pond_e, serial_bayou_shore_b,
          serial_bayou_pond_d, serial_bayou_pond_a
Temple:   hellmonk_temple_divided_pantheon

Skill      XL: |  1  2  3  4  5  6  7  8  9 10 |
---------------+-------------------------------+-----
Polearms       | 1 2 3 5 6 |  6.1
Dodging        | 3 5 6 |  6.0
Fighting       | 1 2 3 4 5 6 |  6.6
Stealth        | 3 |  3.0
Armour         | 1 2 3 |  3.0
Ice Magic      | 5 6 7 8 |  8.2
Spellcasting   | 3 4 5 6 |  6.0
Summonings     | 2 3 |  3.0
Invocations    | 2 3 |  3.0
Evocations     | 2 3 |  3.0
Throwing       | 2 3 |  3.1

Action                   |  1- 3 |  4- 6 |  7- 9 | 10-12 || total
-------------------------+-------+-------+-------+-------++-------
Melee: Spear             |    59 |    55 |    58 |       ||   172
       Trident           |       |       |    44 |    36 ||    80
       Punch             |       |       |       |     1 ||     1
Throw: Dart              |       |    14 |    15 |     6 ||    35
       Boomerang         |       |       |     3 |    19 ||    22
 Cast: Freeze            |    16 |    76 |    83 |     6 ||   181
       Frozen Ramparts   |       |     5 |    36 |     4 ||    45
       Summon Small Mamm |       |       |     5 |     2 ||     7
Evoke: Wand              |       |       |     2 |     2 ||     4
  Use: Scroll            |       |     4 |    11 |     2 ||    17
       Potion            |       |       |     1 |     2 ||     3
 Stab: Sleeping          |     4 |     2 |       |       ||     6
Armor: Robe              |    14 |    12 |     8 |       ||    34
       Leather armour    |       |       |    50 |     9 ||    59
Dodge: Dodged            |    30 |    45 |    82 |    15 ||   172

Table legend: (Time is in decaauts)
 A = Elapsed time spent in this place.
 B = Non-inter-level travel time spent in this place.
 C = Inter-level travel time spent in this place.
 D = Time resting spent in this place.
 E = Time spent auto-exploring this place.
 F = Levels seen in this place.
 G = Mean time per level.
                   A        B        C        D        E       F      G
               +--------+--------+--------+--------+--------+-----+--------+
         Total |   9110 |   8709 |    401 |   2151 |   4364 |  10 |  911.0 |
       Dungeon |   8555 |   8154 |    401 |   2143 |   4265 |   8 | 1069.4 |
        Temple |     37 |     37 |      0 |      0 |      0 |   1 |   37.0 |
        Bailey |    516 |    516 |      0 |      8 |     99 |   1 |  516.0 |
               +--------+--------+--------+--------+--------+-----+--------+

Top non-repeatable levels by time:
     D:4: 1989 daAuts
     D:5: 1646 daAuts
     D:7: 1104 daAuts
     D:6: 1069 daAuts
     D:1: 974 daAuts
     D:2: 830 daAuts
     D:3: 686 daAuts
  Bailey: 516 daAuts
     D:8: 253 daAuts
  Temple: 37 daAuts
